 Dungeon Crawl Stone Soup version 0.20.0-8-g6b59dc7 (webtiles) character file.

63 straycat the Sneak (level 3, -3/28 HPs)
             Began as a Vampire Wanderer on May 30, 2017.
             Slain by a gnoll
             ... wielding a +0 halberd
              (14 damage)
             ... on level 1 of the Dungeon.
             The game lasted 00:05:15 (1655 turns).

straycat the Sneak (Vampire Wanderer)               Turns: 1655, Time: 00:05:17

Health: -3/28      AC:  5    Str:  9    XL:     3   Next: 87%
Magic:  4/4        EV: 10    Int: 17    God:
Gold:   91         SH:  0    Dex: 16    Spells: 4/4 levels left

rFire    . . .     SeeInvis +   a - +2 falchion
rCold    . . .     Gourm    .   (no shield)
rNeg     + . .     Faith    .   l - +0 ring mail
rPois    .         Spirit   .   (no helmet)
rElec    .         Reflect  .   (no cloak)
rCorr    .         Harm     .   (no gloves)
MR       .....                  (no boots)
Stlth    +.........             (no amulet)
Regen    0.1/turn               h - +3 ring of intelligence
MPRegen  0.1/turn               s - ring of loudness (curse)

@: no status effects
A: fangs 3, see invisible, unbreathing
a: Bat Form


You were on level 1 of the Dungeon.
You were not thirsty.

You visited 1 branch of the dungeon, and saw 2 of its levels.

You collected 91 gold pieces.

Inventory:

Hand Weapons
 a - a +2 falchion (weapon)
 d - a +0 spear
 e - a +0 dagger
Missiles
 i - 3 tomahawks (quivered)
 j - 17 poisoned needles
 k - 39 stones
 n - 4 javelins of returning
 q - 29 bolts
Armour
 l - a +0 ring mail (worn)
Jewellery
 h - a +3 ring of intelligence (left hand)
 s - a cursed ring of loudness (right hand)
Scrolls
 b - a scroll of teleportation
 g - a scroll of noise {unknown}
 m - a scroll of magic mapping {unknown}
 p - a scroll of immolation {unknown}
 r - a scroll of fear {unknown}
Potions
 c - a potion of lignification
 f - 15 potions of blood
 o - a potion of flight {unknown}


   Skills:
 * Level 2.5 Fighting
 + Level 2.4 Long Blades
 + Level 0.5 Armour
 * Level 1.8 Dodging
 + Level 3.7 Stealth
 - Level 1.0 Spellcasting
   Level 2.0 Air Magic
   Level 1.0 Evocations


You had 4 spell levels left.
You didn't know any spells.

Dungeon Overview and Level Annotations

Branches:
Dungeon (2/15)

Altars:
Dithmenos


Innate Abilities, Weirdness & Mutations

You have razor-sharp teeth.
You have supernaturally acute eyesight. (SInv)
You can survive without breathing.


Message History

There is a stone staircase leading up here.
The gnoll barely misses you.
The gnoll hits you from afar with a halberd!
The gnoll hits you from afar with a halberd.
You climb upwards.
There is a stone staircase leading down here.
You start resting.
HP restored.
You climb downwards.
The gnoll hits you with a halberd! The gnoll hits you with a club!
There is a stone staircase leading up, spattered with blood here.
The gnoll hits you from afar with a spear.
The gnoll barely misses you. x2
You climb upwards.
There is a stone staircase leading down here.
You hit the gnoll.
The gnoll is heavily wounded.
The gnoll hits you with a halberd!
Ouch! That really hurt!
You die...

###'#...........>...
#...................
#.....######........ #.....###
#...##### ###+#...# #####
#.#...# #.#...#
#g#...############
#@g...............
####..............
########.########.....
#..............##.....
#.######.#####.##..### #.#
#.#............ #####.#
#.########..##. #.....# #.#
#[.#..
################.########..#..


You could see 2 gnolls.

Vanquished Creatures
  2 adders (D:2)
  2 oozes (D:2)
  3 leopard geckos
  6 bats
  3 giant cockroaches (D:1)
  3 goblins (D:1)
  A hobgoblin (D:1)
  4 jackals (D:1)
  4 kobolds (D:1)
  5 rats
33 creatures vanquished.

Notes
Turn   | Place    | Note
-------+----------+-------------------------------------------
     0 | D:1      | straycat the Vampire Wanderer began the quest for the Orb.
     0 | D:1      | straycat set off with: a +2 falchion, a scroll of teleportation, a potion of lignification, a +0 robe, a +0 dagger, a potion of blood
     0 | D:1      | Reached XP level 1. HP: 16/16 MP: 2/2
   406 | D:1      | Reached XP level 2. HP: 21/22 MP: 3/3
   464 | D:1      | Reached skill level 1 in Dodging
   793 | D:1      | Reached XP level 3. HP: 21/28 MP: 4/4
  1302 | D:2      | Found a shadowy altar of Dithmenos.
  1655 | D:1      | Slain by a gnoll

Skill      XL: |  1  2 |
---------------+-------+-----
Fighting       | 2 |  2.5
Dodging        | 1 |  1.8
Long Blades    | |  2.4
Armour         | |  0.5
Stealth        | |  3.7
Spellcasting   | |  1.0
Air Magic      | |  2.0
Evocations     | |  1.0

Action                   || total
-------------------------++-------
Melee: Falchion          ||    91
       Bite              ||     5
  Use: Potion            ||     1
 Stab: Sleeping          ||     2
  Eat: Corpse            ||     1
Armor: Robe              ||     2
       Ring mail         ||    36
Dodge: Dodged            ||    50
       Rpst.: Falchion   ||    13
